 Dungeon Crawl Stone Soup version 0.18-a0-1006-g6b5bfb2 (webtiles) character file.

17 OdieHerpaderp the Scratcher (level 2, -1/12 HPs)
             Began as a Felid Transmuter on Jan 6, 2016.
             Slain by a hobgoblin
             ... wielding a +0 club
              (6 damage)
             ... on level 1 of the Dungeon.
             The game lasted 00:06:25 (715 turns).

OdieHerpaderp the Scratcher (Felid Transmuter)       Turns: 715, Time: 00:06:25

Health: -1/12      AC:  1    Str:  6    XL:     2   Next: 44%
Magic:  6/6        EV: 18    Int: 14    God:
Gold:   62         SH:  0    Dex: 16    Spells: 2 memorised, 2 levels left
                                        Lives:  0   Deaths: 0

rFire  . . .     SeeInvis +       - Unarmed
rCold  . . .     Gourm    .     (armour unavailable)
rNeg   . . .     Faith    .     (shield unavailable)
rPois  .         Spirit   .     (helmet unavailable)
rElec  .         Dismiss  .     (cloak unavailable)
rCorr  .         Reflect  .     (gloves unavailable)
SustAt .         Harm     .     (boots unavailable)
MR     .....                    (no amulet)
Stlth  ++........               (no ring)
                                (no ring)

@: quick, not resistant to hostile enchantments, unstealthy
A: no armour, no weapons or thrown items, claws 1, fangs 3, see invisible,
carnivore 3, speed 1, shaggy fur 1, slow metabolism 1, sharp paws
a: no special abilities


You were on level 1 of the Dungeon.
You were not hungry.

You visited 1 branch of the dungeon, and saw 1 of its levels.

You collected 62 gold pieces.

Inventory:

Missiles
 a - 12 arrows
Jewellery
 d - an uncursed ring of protection from cold {unknown}
Scrolls
 e - a scroll of enchant armour {unknown}
 i - a scroll of identify {unknown}
Potions
 f - 3 potions of heal wounds {unknown}
 g - a potion of ambrosia {unknown}
 h - a potion of haste {unknown}
 j - a potion of brilliance {unknown}
 k - a potion of magic {unknown}
Books
 b - a book of Changes

   Spells                             Type                      Level
   a - Beastly Appendage              Transmutation                1
   b - Sticks to Snakes               Transmutation                2
   c - Spider Form                    Transmutation/Poison         3
   d - Ice Form                       Ice/Transmutation            4
   e - Blade Hands                    Transmutation                5
Comestibles
 c - 2 meat rations


   Skills:
 + Level 1.1 Fighting
 + Level 2.9 Dodging
 + Level 3.5 Unarmed Combat
 + Level 2.1 Spellcasting
 + Level 2.3 Transmutations


You had 2 spell levels left.
You knew the following spells:

 Your Spells              Type           Power        Failure   Level  Hunger
a - Beastly Appendage     Trmt           #.....       12%         1    ##.....
b - Sticks to Snakes      Trmt           #.......     17%         2    ###....


Dungeon Overview and Level Annotations

Branches:
Dungeon (1/15)

Altars:


Innate Abilities, Weirdness & Mutations

You cannot wear armour.
You are incapable of wielding weapons or throwing items.
You have sharp claws.
You have razor-sharp teeth.
You have supernaturally acute eyesight.
You are carnivorous and can eat meat at any time.
You cover ground quickly.
You are covered in fur (AC +1).
You have a slow metabolism.
Your sharp claws are effective at attacking unaware monsters.


Message History

You pounce on the unaware helpless rat!
You claw the rat!
You kill the rat!
Found an amethyst potion.
k - an amethyst potion A hobgoblin comes into view.
It is wielding a club.
Found a stone staircase leading down.
You scratch the hobgoblin. You bite the hobgoblin.
The hobgoblin is almost dead.
The hobgoblin hits you with a club.
You barely miss the hobgoblin.
The hobgoblin is almost dead.
The hobgoblin misses you.
You closely miss the hobgoblin. Your bite misses the hobgoblin.
The hobgoblin is almost dead.
The hobgoblin hits you but does no damage.
You barely miss the hobgoblin.
The hobgoblin is almost dead.
The hobgoblin hits you with a club.
Ouch! That really hurt!
You die...

#.# #.# #.# #.# #.#
.# #.## # ###...##
####.#### ##
.......# >.....g@#
#.# ......#
.###.##.##.#
.....#### #.....#
......... ##.#.##
.....## #...#
.....## ##.##
......## ##.##
##.†...## #####...##
#.......###........#


You could see a hobgoblin.

Vanquished Creatures
  A giant cockroach (D:1)
  4 goblins (D:1)
  A hobgoblin (D:1)
  2 bats (D:1)
  2 giant newts (D:1)
  4 kobolds (D:1)
  3 rats (D:1)
17 creatures vanquished.

Notes
Turn   | Place    | Note
--------------------------------------------------------------
     0 | D:1      | OdieHerpaderp the Felid Transmuter began the quest for the Orb.
     0 | D:1      | Reached XP level 1. HP: 9/9 MP: 4/4
   282 | D:1      | Reached XP level 2. HP: 12/12 MP: 6/6
   668 | D:1      | Learned a level 2 spell: Sticks to Snakes
   715 | D:1      | Slain by a hobgoblin

Vault maps used:
D:1:      minmay_arrival_semitransparent

Action                   || total
-------------------------++-------
Melee: Unarmed           ||    51
 Cast: Beastly Appendage ||     2
 Stab: Sleeping          ||     1
  Eat: Chunk             ||     1
